 Dungeon Crawl Stone Soup version 0.30.1-9-gdf580d7c3d (webtiles) character file.

Game seed: 17940287569740624105

454 arthad the Magician (level 6, 0/48 HPs)
             Began as a Deep Elf Fire Elementalist on Oct 19, 2023.
             Slain by a scorpion (6 damage)
             ... on level 5 of the Dungeon.
             The game lasted 00:07:16 (4404 turns).

arthad the Magician (Deep Elf Fire Elementalist)    Turns: 4404, Time: 00:07:16

Health: 0/48       AC: 23    Str:  5    XL:     6   Next: 76%
Magic:  3/15       EV:  2    Int: 22    God:
Gold:   233        SH:  0    Dex: 21    Spells: 6/15 levels left

rFire   . . .        p - +0 whip (drain)
rCold   . . .        (no shield)
rNeg    . . .        a - melded +0 robe
rPois   +            (helmet currently unavailable)
rElec   .            (cloak currently unavailable)
rCorr   .            u - melded +0 pair of gloves
SInv    .            j - melded +0 pair of boots
Will    .....        (no amulet)
Stlth   +++          c - +6 ring of dexterity
HPRegen 0.28/turn    e - +5 ring of evasion
MPRegen 0.14/turn

%: no passive effects
@: lethally poisoned (0 -> -6), tree-form
A: stationary, stasis, torment immunity, boosted hp
a: no special abilities


You were on level 5 of the Dungeon.
You were a tree.
You visited 1 branch of the dungeon, and saw 5 of its levels.

You collected 233 gold pieces.

Inventory:

Hand Weapons
 p - a +0 whip of draining (weapon)
Missiles
 o - 5 javelins
 x - 6 boomerangs
 y - 2 poisoned darts
Armour
 a - a +0 robe (melded)
 j - a +0 pair of boots (melded)
 u - a +0 pair of gloves (melded)
Jewellery
 c - a +6 ring of dexterity (left branch)
 e - a +5 ring of evasion (right branch)
 m - an amulet of faith
 A - an amulet of guardian spirit
 B - a +6 ring of intelligence
Scrolls
 d - a scroll of torment {unknown}
 f - 3 scrolls of enchant armour {unknown}
 i - 2 scrolls of fog {unknown}
 l - 2 scrolls of poison {unknown}
 n - a scroll of vulnerability {unknown}
 r - a scroll of magic mapping {unknown}
 s - a scroll of silence {unknown}
 v - 3 scrolls of teleportation {unknown}
 w - 3 scrolls of identify {unknown}
 C - a scroll of immolation {unknown}
 F - a scroll of noise {unknown}
Potions
 b - a potion of magic
 g - 2 potions of haste
 h - a potion of curing {unknown}
 k - a potion of lignification
 q - 2 potions of ambrosia {unknown}
 t - a potion of flight {unknown}
 z - a potion of heal wounds {unknown}
 D - a potion of cancellation {unknown}
 E - a potion of brilliance {unknown}


   Skills:
 + Level 4.3 Dodging
 + Level 4.7 Stealth
 + Level 5.0 Spellcasting
 + Level 3.4 Conjurations
 + Level 4.8 Fire Magic


You had 6 spell levels left.
You knew the following spells:

 Your Spells              Type           Power      Damage    Failure   Level
a - Foxfire               Conj/Fire      92%        2x1d8     1%          1
b - Scorch                Fire           52%        2d7       1%          2
c - Volatile Blastmotes   Fire/Tloc      32%        2d12      11%         3
d - Inner Flame           Hex/Fire       16%        N/A       11%         3

Your spell library contained the following spells:

 Spells                   Type           Power      Damage    Failure   Level
 Flame Wave               Conj/Fire      23%        2d8       19%         4
 Frozen Ramparts          Ice            10%        1d2       30%         3
 Ice Form                 Ice/Tmut       5%         N/A       69%         4
 Summon Ice Beast         Ice/Summ       5%         N/A       69%         4


Dungeon Overview and Level Annotations

Branches:
Dungeon (5/15)
 Temple: D:4-7

Altars:

Shops:
D:2 (


Message History

The orc priest invokes the aid of Beogh against you.
Beogh smites you!
You conjure some foxfire!
The foxfire hits the orc but does no damage.
The foxfire hits the orc!
You kill the orc!
The scorpion completely misses you. The scorpion misses you.
You conjure some foxfire!
The foxfire hits the scorpion.
The scorpion is severely wounded.
The foxfire hits the scorpion but does no damage.
The scorpion is severely wounded.
The scorpion misses you. The orc priest barely misses you.
You conjure some foxfire!
The foxfire hits the orc priest.
The orc priest is heavily wounded.
The foxfire hits the orc priest.
The orc priest is almost dead.
The scorpion stings you.
You are poisoned.
The scorpion poisons you! The orc priest closely misses you.
You conjure some foxfire!
You feel very sick.
The foxfire hits the orc priest.
The orc priest is heavily wounded.
The foxfire hits the scorpion.
The scorpion is almost dead.
The scorpion stings you but does no damage.
The orc priest mumbles some strange prayers to Beogh against you.
Beogh smites you!
* * * LOW HITPOINT WARNING * * *
It was a potion of lignification.
You turn into a tree.
Your +0 pair of gloves melds into your body.
Your +0 pair of boots melds into your body.
Your +0 robe melds into your body.
Your roots penetrate the ground.
* * * LOW HITPOINT WARNING * * *
You feel sick.
The foxfire hits the orc priest.
You kill the orc priest!
The foxfire hits the orc priest but does no damage.
The orc priest is heavily wounded.
The scorpion stings you.
You die...

..# ...v .##.#. #..>.
..##.....## .....# #.....
...# ......##($#.# ...# #
###### .........)#.##..##.#
#..... .!..........#.[....
##..... #........)....#
#...### .###.....os)....##
##..#### #.........♣......#
#..####.
.........§.§...#####..# #..
######.##.......###..####..
#...............# #..#
#.....####......###.##
#...### ##.........# ##.<
#..^......## #..
#..#####...# #.. .......##
##...


You could see a scorpion and an orc priest.

Vanquished Creatures
  A scorpion (D:4)
  A jelly (D:4)
  A gnoll bouda (D:5)
  4 orc priests
  2 orc wizards
  3 adders
  7 gnolls (D:5)
  2 dart slugs
  15 orcs
  9 endoplasms
  3 giant cockroaches
  5 goblins
  8 hobgoblins
  2 jackals (D:1)
  A quokka (D:4)
  10 ball pythons
  5 bats
  7 kobolds
  5 rats
91 creatures vanquished.

Vanquished Creatures (others)
  309 foxfires
309 creatures vanquished.

Grand Total: 400 creatures vanquished

Notes
Turn   | Place    | Note
-------+----------+-------------------------------------------
     0 | D:1      | arthad the Deep Elf Fire Elementalist began the quest for
                  | the Orb.
     0 | D:1      | Reached XP level 1. HP: 10/10 MP: 6/6
   177 | D:1      | Reached XP level 2. HP: 15/15 MP: 5/8
  1004 | D:1      | Reached XP level 3. HP: 18/19 MP: 5/9
  1105 | D:2      | Found Latuyf's Antique Weapon Shoppe.
  1913 | D:2      | Learned a level 2 spell: Scorch
  1917 | D:2      | Learned a level 3 spell: Volatile Blastmotes
  1921 | D:2      | Learned a level 3 spell: Inner Flame
  2877 | D:4      | Reached XP level 4. HP: 24/24 MP: 7/11
  2894 | D:4      | HP: 1/24 [orc/boomerang (5)]
  3095 | D:4      | Reached skill level 4 in Spellcasting
  3099 | D:4      | Reached XP level 5. HP: 28/28 MP: 0/13
  3812 | D:4      | Reached XP level 6. HP: 32/32 MP: 8/14
  3940 | D:5      | Entered Level 5 of the Dungeon
  4117 | D:5      | Reached skill level 5 in Spellcasting
  4404 | D:5      | Slain by a scorpion

Illustrated notes

Levels and vault maps discovered:
D:1:      reono_arrival_forest_river, layout_loops_ring, minivault_4,
          minivault_26, minmay_misc_feat_enclosed
D:2:      layout_basic, serial_shops, nicolae_shop_trees
D:3:      layout_basic
D:4:      layout_basic
D:5:      layout_layer_cave, mainiacjoe_overflow_alcove_2,
          mainiacjoe_overflow_cross_hatched

Skill      XL: |  1  2  3  4  5  6 |
---------------+-------------------+-----
Stealth        | 3 4 |  4.7
Dodging        | 3 4 |  4.3
Conjurations   | 2 3 |  3.4
Fire Magic     | 4 |  4.8
Spellcasting   | 4 5 |  5.0

Action                     |  1- 3 |  4- 6 || total
---------------------------+-------+-------++-------
  Melee: Whip              |       |     7 ||     7
  Throw: Boomerang         |       |     2 ||     2
         Dart              |       |     1 ||     1
   Cast: Foxfire           |    78 |    98 ||   176
         Scorch            |       |     7 ||     7
    Use: Potion            |       |     2 ||     2
 Armour: Robe              |     2 |     1 ||     3
  Dodge: Dodged            |     5 |    20 ||    25
